[ AOE2 MATCH · #470608947 ]
UnrankedJurchens vs Poles
[ REPLAY ANALYSIS · EXTRACTED FROM THE RECORDED GAME ]
Feudal
11:41
Castle
16:01
Imperial
33:19
| APM avg | 20.0 |
| APM peak | 58 |
| eAPM avg | 12.0 |
| Villagers / military | 116 / 16 |
Focus
⚔️ 23.3% · 🌾 76.7%
Unknown (1908) ×49 · Spearman ×6 · Petard ×4 · Battering Ram ×2 · Bombard Cannon ×2 · Trebuchet (Packed) ×2
Feudal
9:06
Castle
19:28
Imperial
35:44
| APM avg | 56.1 |
| APM peak | 95 |
| eAPM avg | 29.1 |
| Villagers / military | 83 / 72 |
Focus
⚔️ 28.2% · 🌾 71.8%
Skirmisher ×47 · Obuch ×24 · Militia ×1
Feudal
11:00
Castle
24:15
Imperial
—
| APM avg | 15.1 |
| APM peak | 77 |
| eAPM avg | 8.0 |
| Villagers / military | 49 / 8 |
Focus
⚔️ 7.7% · 🌾 92.3%
Janissary ×6 · Mangonel ×2
Feudal
—
Castle
—
Imperial
—
| APM avg | 10.3 |
| APM peak | 56 |
| eAPM avg | 5.9 |
| Villagers / military | 53 / 14 |
Focus
⚔️ 14.2% · 🌾 85.8%
Scorpion ×14 · Trade Cart ×5
Feudal
—
Castle
—
Imperial
—
| APM avg | 17.1 |
| APM peak | 114 |
| eAPM avg | 4.5 |
| Villagers / military | 52 / 13 |
Focus
⚔️ 16.6% · 🌾 83.4%
Scout Cavalry ×13
Feudal
10:03
Castle
14:27
Imperial
36:26
| APM avg | 32.2 |
| APM peak | 69 |
| eAPM avg | 17.1 |
| Villagers / military | 136 / 74 |
Focus
⚔️ 30.1% · 🌾 69.9%
Hand Cannoneer ×45 · Archer ×13 · Trebuchet (Packed) ×7 · War Elephant ×3 · Monk ×2 · Mangonel ×2
Feudal
11:53
Castle
16:02
Imperial
32:49
| APM avg | 11.8 |
| APM peak | 34 |
| eAPM avg | 7.5 |
| Villagers / military | 145 / 79 |
Focus
⚔️ 23.9% · 🌾 76.1%
Mangudai ×31 · Scout Cavalry ×24 · Steppe Lancer ×19 · Battering Ram ×4 · Monk ×1
Feudal
11:22
Castle
15:10
Imperial
29:09
| APM avg | 30.7 |
| APM peak | 105 |
| eAPM avg | 16.1 |
| Villagers / military | 291 / 53 |
Focus
⚔️ 16.3% · 🌾 83.7%
Trade Cart ×40 · Cavalry Archer ×39 · Battering Ram ×13 · Monk ×1
Match map
Initial resources + every placement click. Lines = walls · curves = elevation contours. ◆ gold · ⬟ stone · ● berries · ✦ relic · ◌ wall gap
Inputs per minute
— Maeglin - - 杀猪死四农
Build order — Maeglin
First 150 of 299 actions detected
| 0:01 | Create | Villager (Male) |
| 0:03 | Build | House |
| 0:05 | Build | House |
| 0:05 | Create | Villager (Male) |
| 0:12 | Create | Villager (Male) |
| 0:16 | Create | Villager (Male) |
| 1:34 | Create | Villager (Male) |
| 1:34 | Create | Villager (Male) |
| 1:41 | Create | Villager (Male) |
| 1:41 | Create | Villager (Male) |
| 2:27 | Create | Villager (Male) |
| 2:27 | Create | Villager (Male) |
| 3:01 | Create | Villager (Male) |
| 3:01 | Create | Villager (Male) |
| 3:23 | Create | Villager (Male) |
| 3:24 | Create | Villager (Male) |
| 3:51 | Build | Lumber Camp |
| 3:56 | Build | House |
| 4:11 | Create | Villager (Male) |
| 4:11 | Create | Villager (Male) |
| 4:19 | Create | Villager (Male) |
| 4:19 | Create | Villager (Male) |
| 4:30 | Create | Villager (Male) |
| 5:57 | Build | House |
| 5:59 | Build | Mill |
| 6:05 | Create | Villager (Male) |
| 6:32 | Create | Villager (Male) |
| 6:46 | Create | Villager (Male) |
| 7:08 | Create | Villager (Male) |
| 7:58 | Build | House |
| 8:16 | Create | Villager (Male) |
| 8:26 | Create | Villager (Male) |
| 8:27 | Create | Villager (Male) |
| 9:13 | Research | Feudal Age |
| 9:41 | Build | Mining Camp |
| 10:05 | Build | Farm |
| 10:10 | Build | Farm |
| 11:30 | Create | Villager (Male) |
| 11:30 | Create | Villager (Male) |
| 11:41 | Age | Feudal Age |
| 11:45 | Build | Market |
| 11:49 | Build | Blacksmith |
| 11:52 | Create | Villager (Male) |
| 11:58 | Research | Double-Bit Axe |
| 12:01 | Research | Horse Collar |
| 12:35 | Build | Farm |
| 12:41 | Build | Farm |
| 12:55 | Create | Villager (Male) |
| 13:01 | Build | Farm |
| 13:04 | Build | Farm |
| 13:16 | Build | Farm |
| 13:21 | Research | Castle Age |
| 13:38 | Build | Farm |
| 13:40 | Build | Farm |
| 14:23 | Build | Mining Camp |
| 15:02 | Build | Lumber Camp |
| 15:40 | Create | Villager (Male) |
| 15:40 | Create | Villager (Male) |
| 15:42 | Create | Villager (Male) |
| 16:01 | Age | Castle Age |
| 16:12 | Build | Town Center |
| 16:16 | Create | Villager (Male) |
| 16:26 | Build | Town Center |
| 16:36 | Research | Loom |
| 16:57 | Create | Villager (Male) |
| 16:57 | Create | Villager (Male) |
| 17:08 | Create | Villager (Male) |
| 17:08 | Create | Villager (Male) |
| 17:09 | Create | Villager (Male) |
| 17:16 | Build | House |
| 17:17 | Build | House |
| 17:18 | Build | House |
| 17:19 | Build | House |
| 17:20 | Build | House |
| 17:39 | Research | Wheelbarrow |
| 17:49 | Create | Villager (Male) |
| 17:49 | Create | Villager (Male) |
| 17:49 | Create | Villager (Male) |
| 17:50 | Create | Villager (Male) |
| 17:56 | Research | Stone Mining |
| 18:22 | Build | Farm |
| 18:22 | Build | Farm |
| 18:27 | Build | Farm |
| 18:27 | Build | Farm |
| 18:30 | Create | Villager (Male) |
| 18:38 | Build | Farm |
| 18:46 | Build | Farm |
| 18:47 | Build | Farm |
| 18:49 | Create | Villager (Male) |
| 18:53 | Build | Outpost |
| 18:59 | Build | Farm |
| 19:00 | Create | Villager (Male) |
| 19:01 | Create | Villager (Male) |
| 19:36 | Create | Villager (Male) |
| 19:36 | Create | Villager (Male) |
| 19:37 | Create | Villager (Male) |
| 19:38 | Create | Villager (Male) |
| 19:39 | Create | Villager (Male) |
| 19:45 | Research | Gold Mining |
| 19:50 | Build | Farm |
| 19:50 | Build | Farm |
| 19:51 | Build | Farm |
| 19:53 | Create | Villager (Male) |
| 20:05 | Create | Villager (Male) |
| 20:05 | Create | Villager (Male) |
| 20:05 | Create | Villager (Male) |
| 20:16 | Build | Farm |
| 20:16 | Build | Farm |
| 20:22 | Build | Farm |
| 20:22 | Build | Farm |
| 20:25 | Create | Villager (Male) |
| 20:28 | Build | House |
| 20:29 | Build | House |
| 20:39 | Build | Farm |
| 20:42 | Create | Villager (Male) |
| 20:42 | Create | Villager (Male) |
| 20:43 | Create | Villager (Male) |
| 20:43 | Create | Villager (Male) |
| 21:01 | Build | Lumber Camp |
| 21:02 | Create | Villager (Male) |
| 21:03 | Create | Villager (Male) |
| 21:03 | Create | Villager (Male) |
| 21:04 | Create | Villager (Male) |
| 21:13 | Build | House |
| 21:15 | Build | House |
| 21:19 | Create | Villager (Male) |
| 21:20 | Create | Villager (Male) |
| 21:28 | Build | Farm |
| 21:37 | Build | Farm |
| 21:38 | Create | Villager (Male) |
| 21:51 | Create | Villager (Male) |
| 21:51 | Create | Villager (Male) |
| 22:00 | Build | Castle |
| 22:22 | Build | Castle |
| 22:31 | Research | Scale Barding Armor |
| 22:32 | Research | Forging |
| 22:40 | Create | Villager (Male) |
| 22:58 | Create | Villager (Male) |
| 22:59 | Research | Hand Cart |
| 23:11 | Build | Farm |
| 23:12 | Build | Farm |
| 23:12 | Build | Farm |
| 23:15 | Create | Villager (Male) |
| 23:19 | Build | University |
| 23:21 | Build | House |
| 23:22 | Build | House |
| 23:24 | Build | House |
| 23:25 | Create | Villager (Male) |
| 23:26 | Create | Villager (Male) |
| 23:35 | Build | Castle |
Build order — 杀猪死四农
First 150 of 318 actions detected
| 0:02 | Create | Villager (Male) |
| 0:02 | Create | Villager (Male) |
| 0:03 | Build | House |
| 0:04 | Build | House |
| 0:22 | Create | Villager (Male) |
| 0:50 | Create | Villager (Male) |
| 1:29 | Create | Villager (Male) |
| 1:41 | Create | Villager (Male) |
| 1:46 | Build | Lumber Camp |
| 2:03 | Create | Villager (Male) |
| 3:03 | Create | Villager (Male) |
| 3:03 | Create | Villager (Male) |
| 3:13 | Build | House |
| 3:28 | Create | Villager (Male) |
| 3:28 | Create | Villager (Male) |
| 3:56 | Create | Villager (Male) |
| 4:25 | Create | Villager (Male) |
| 4:25 | Create | Villager (Male) |
| 4:48 | Create | Villager (Male) |
| 4:48 | Create | Villager (Male) |
| 5:03 | Create | Villager (Male) |
| 5:09 | Create | Villager (Male) |
| 5:13 | Build | Mill |
| 6:07 | Create | Villager (Male) |
| 6:56 | Research | Feudal Age |
| 6:56 | Research | Feudal Age |
| 7:43 | Build | House |
| 8:09 | Build | Mining Camp |
| 8:12 | Create | Villager (Male) |
| 8:56 | Create | Villager (Male) |
| 9:06 | Age | Feudal Age |
| 9:06 | Research | Double-Bit Axe |
| 9:06 | Research | Double-Bit Axe |
| 9:11 | Build | Watch Tower |
| 9:24 | Research | Loom |
| 9:35 | Create | Villager (Male) |
| 9:54 | Research | Horse Collar |
| 9:56 | Create | Villager (Male) |
| 10:34 | Create | Villager (Male) |
| 10:44 | Build | Farm |
| 10:46 | Build | Farm |
| 10:51 | Build | Farm |
| 10:51 | Create | Villager (Male) |
| 10:52 | Build | Farm |
| 11:19 | Build | Watch Tower |
| 11:38 | Create | Villager (Male) |
| 12:07 | Build | Farm |
| 12:09 | Build | Farm |
| 12:10 | Create | Villager (Male) |
| 12:12 | Build | Farm |
| 12:13 | Create | Villager (Male) |
| 12:35 | Create | Villager (Male) |
| 12:48 | Build | Blacksmith |
| 12:53 | Build | Watch Tower |
| 13:37 | Create | Villager (Male) |
| 13:41 | Build | House |
| 14:07 | Create | Villager (Male) |
| 14:21 | Create | Villager (Male) |
| 14:56 | Create | Villager (Male) |
| 15:11 | Build | Mill |
| 15:12 | Build | Farm |
| 15:16 | Build | Farm |
| 15:16 | Build | Farm |
| 15:16 | Build | Farm |
| 15:20 | Build | Farm |
| 15:24 | Build | Market |
| 15:26 | Create | Villager (Male) |
| 16:03 | Create | Villager (Male) |
| 16:20 | Build | Farm |
| 16:43 | Build | Farm |
| 16:48 | Research | Castle Age |
| 17:09 | Build | Barracks |
| 17:31 | Research | Fletching |
| 17:44 | Build | Archery Range |
| 18:02 | Build | Mining Camp |
| 18:29 | Create | Militia |
| 18:31 | Create | Skirmisher |
| 18:31 | Create | Skirmisher |
| 18:35 | Create | Skirmisher |
| 18:42 | Research | Gold Mining |
| 18:52 | Create | Skirmisher |
| 18:58 | Create | Skirmisher |
| 18:58 | Create | Skirmisher |
| 19:09 | Create | Skirmisher |
| 19:17 | Create | Skirmisher |
| 19:20 | Create | Villager (Male) |
| 19:21 | Create | Villager (Male) |
| 19:28 | Age | Castle Age |
| 19:31 | Create | Skirmisher |
| 19:31 | Create | Skirmisher |
| 19:33 | Create | Skirmisher |
| 19:54 | Create | Skirmisher |
| 20:01 | Create | Skirmisher |
| 20:01 | Create | Skirmisher |
| 20:02 | Create | Skirmisher |
| 20:39 | Build | Palisade Gate |
| 20:45 | Create | Villager (Male) |
| 20:49 | Build | Castle |
| 20:54 | Create | Skirmisher |
| 20:54 | Create | Skirmisher |
| 20:58 | Build | Palisade Gate |
| 21:01 | Build | House |
| 21:03 | Build | House |
| 21:31 | Create | Skirmisher |
| 21:31 | Create | Skirmisher |
| 21:54 | Build | House |
| 22:02 | Create | Skirmisher |
| 22:07 | Create | Skirmisher |
| 22:07 | Create | Skirmisher |
| 22:15 | Build | House |
| 22:17 | Build | House |
| 22:24 | Create | Villager (Male) |
| 22:24 | Create | Villager (Male) |
| 22:38 | Build | Outpost |
| 22:39 | Build | Lumber Camp |
| 22:52 | Build | Farm |
| 22:53 | Build | Farm |
| 23:05 | Build | House |
| 23:32 | Research | Elite Skirmisher (upgrade) |
| 23:34 | Research | Bodkin Arrow |
| 23:34 | Research | Padded Archer Armor |
| 23:46 | Create | Villager (Male) |
| 24:03 | Build | Building 487 |
| 24:13 | Create | Skirmisher |
| 24:13 | Create | Skirmisher |
| 24:24 | Create | Villager (Male) |
| 24:28 | Build | Farm |
| 25:06 | Create | Villager (Male) |
| 25:07 | Create | Villager (Male) |
| 25:10 | Build | Lumber Camp |
| 25:14 | Build | Town Center |
| 25:45 | Create | Skirmisher |
| 26:02 | Create | Skirmisher |
| 26:02 | Create | Skirmisher |
| 26:03 | Create | Villager (Male) |
| 26:03 | Create | Villager (Male) |
| 26:03 | Create | Villager (Male) |
| 26:07 | Create | Skirmisher |
| 26:08 | Build | Farm |
| 26:15 | Create | Obuch |
| 26:16 | Create | Obuch |
| 26:17 | Create | Villager (Male) |
| 26:20 | Create | Villager (Male) |
| 26:38 | Create | Skirmisher |
| 26:45 | Create | Villager (Male) |
| 26:45 | Create | Villager (Male) |
| 26:55 | Build | Palisade Gate |
| 27:00 | Create | Villager (Male) |
| 27:01 | Create | Villager (Male) |
| 27:20 | Create | Villager (Male) |
Build order — 渣渣灰渣师傅tz
First 150 of 151 actions detected
| 0:13 | Create | Villager (Male) |
| 0:13 | Create | Villager (Male) |
| 0:13 | Create | Villager (Male) |
| 0:14 | Create | Villager (Male) |
| 0:17 | Build | House |
| 0:18 | Build | House |
| 1:37 | Create | Villager (Male) |
| 2:46 | Create | Villager (Male) |
| 2:46 | Create | Villager (Male) |
| 3:07 | Create | Villager (Male) |
| 3:22 | Create | Villager (Male) |
| 3:48 | Create | Villager (Male) |
| 4:26 | Create | Villager (Male) |
| 4:29 | Research | Loom |
| 4:38 | Build | Mill |
| 5:50 | Build | House |
| 5:52 | Build | House |
| 7:15 | Build | Lumber Camp |
| 7:30 | Create | Villager (Male) |
| 7:31 | Create | Villager (Male) |
| 8:50 | Research | Feudal Age |
| 9:02 | Build | Mining Camp |
| 10:48 | Create | Villager (Male) |
| 10:48 | Create | Villager (Male) |
| 10:49 | Create | Villager (Male) |
| 10:49 | Create | Villager (Male) |
| 10:49 | Create | Villager (Male) |
| 10:50 | Create | Villager (Male) |
| 10:50 | Create | Villager (Male) |
| 11:00 | Age | Feudal Age |
| 11:59 | Research | Double-Bit Axe |
| 12:03 | Research | Horse Collar |
| 12:56 | Build | Farm |
| 12:59 | Build | Farm |
| 13:32 | Research | Gold Mining |
| 13:59 | Build | Farm |
| 14:01 | Build | Farm |
| 14:06 | Build | Farm |
| 14:08 | Build | Farm |
| 14:10 | Build | Farm |
| 14:43 | Create | Villager (Male) |
| 14:43 | Create | Villager (Male) |
| 14:50 | Build | Farm |
| 14:57 | Build | Farm |
| 15:07 | Build | House |
| 15:08 | Build | House |
| 15:20 | Research | Wheelbarrow |
| 15:54 | Build | Farm |
| 15:56 | Build | Farm |
| 16:02 | Build | Farm |
| 16:14 | Create | Villager (Male) |
| 16:14 | Create | Villager (Male) |
| 16:15 | Create | Villager (Male) |
| 16:51 | Build | Farm |
| 16:57 | Build | Farm |
| 16:58 | Build | Farm |
| 17:00 | Build | Farm |
| 17:07 | Create | Villager (Male) |
| 17:07 | Create | Villager (Male) |
| 18:04 | Create | Villager (Male) |
| 18:04 | Create | Villager (Male) |
| 18:05 | Create | Villager (Male) |
| 18:05 | Create | Villager (Male) |
| 18:11 | Build | Farm |
| 18:56 | Build | Farm |
| 18:59 | Build | Farm |
| 19:01 | Build | Farm |
| 19:02 | Build | Farm |
| 19:05 | Build | Farm |
| 19:07 | Build | Farm |
| 19:09 | Build | Farm |
| 19:30 | Create | Villager (Male) |
| 20:20 | Build | Blacksmith |
| 20:30 | Build | Market |
| 20:37 | Create | Villager (Male) |
| 20:37 | Create | Villager (Male) |
| 20:42 | Build | House |
| 21:25 | Research | Castle Age |
| 21:37 | Build | Mining Camp |
| 21:52 | Research | Stone Mining |
| 23:21 | Build | House |
| 23:23 | Build | House |
| 23:42 | Build | House |
| 23:43 | Build | House |
| 23:47 | Create | Villager (Male) |
| 23:47 | Create | Villager (Male) |
| 23:47 | Create | Villager (Male) |
| 23:48 | Create | Villager (Male) |
| 23:48 | Create | Villager (Male) |
| 23:48 | Create | Villager (Male) |
| 23:49 | Create | Villager (Male) |
| 23:49 | Create | Villager (Male) |
| 24:15 | Age | Castle Age |
| 24:23 | Build | House |
| 24:25 | Build | House |
| 24:27 | Build | House |
| 24:29 | Build | House |
| 24:30 | Build | House |
| 24:31 | Build | House |
| 24:33 | Build | House |
| 24:34 | Build | House |
| 24:35 | Build | House |
| 24:42 | Create | Villager (Male) |
| 24:43 | Create | Villager (Male) |
| 24:43 | Create | Villager (Male) |
| 24:43 | Create | Villager (Male) |
| 24:44 | Create | Villager (Male) |
| 24:47 | Research | Bow Saw |
| 24:59 | Build | House |
| 25:00 | Build | House |
| 25:01 | Build | House |
| 25:12 | Research | Heavy Plow |
| 25:14 | Research | Gold Shaft Mining |
| 25:44 | Create | Villager (Male) |
| 25:44 | Create | Villager (Male) |
| 26:07 | Build | University |
| 26:58 | Build | Farm |
| 27:10 | Research | Treadmill Crane |
| 27:16 | Build | House |
| 27:17 | Build | House |
| 27:20 | Build | House |
| 27:31 | Build | Farm |
| 27:54 | Build | Farm |
| 28:06 | Build | Siege Workshop |
| 28:43 | Build | Lumber Camp |
| 29:46 | Build | Castle |
| 29:56 | Build | Castle |
| 30:40 | Research | Fortified Wall (upgrade) |
| 30:41 | Research | Masonry |
| 30:45 | Create | Janissary |
| 30:45 | Create | Janissary |
| 30:46 | Create | Janissary |
| 30:46 | Create | Janissary |
| 30:47 | Create | Janissary |
| 30:48 | Create | Janissary |
| 31:00 | Build | Siege Workshop |
| 31:17 | Build | House |
| 31:21 | Build | House |
| 31:59 | Build | House |
| 32:18 | Create | Mangonel |
| 32:56 | Create | Mangonel |
| 34:05 | Research | Ballistics |
| 34:22 | Build | House |
| 34:34 | Build | Stone Wall |
| 34:57 | Build | House |
| 35:24 | Build | Farm |
| 35:26 | Build | Farm |
| 36:00 | Research | Imperial Age |
| 36:43 | Build | House |
| 36:44 | Build | House |
Build order — Bludvarg666
125 actions detected in the replay
| 0:24 | Build | Mill |
| 0:27 | Create | Villager (Male) |
| 0:28 | Create | Villager (Male) |
| 0:28 | Create | Villager (Male) |
| 0:28 | Create | Villager (Male) |
| 0:28 | Create | Villager (Male) |
| 0:36 | Build | Lumber Camp |
| 3:29 | Build | House |
| 3:31 | Build | House |
| 3:32 | Build | House |
| 3:34 | Build | House |
| 3:46 | Build | House |
| 4:46 | Create | Villager (Male) |
| 4:48 | Create | Villager (Male) |
| 5:12 | Build | House |
| 5:25 | Build | Farm |
| 5:40 | Create | Villager (Male) |
| 8:05 | Create | Villager (Male) |
| 8:06 | Create | Villager (Male) |
| 8:08 | Create | Villager (Male) |
| 8:10 | Create | Villager (Male) |
| 8:34 | Create | Villager (Male) |
| 8:36 | Create | Villager (Male) |
| 9:28 | Build | Farm |
| 11:12 | Research | Feudal Age |
| 13:30 | Research | Wheelbarrow |
| 13:31 | Create | Villager (Male) |
| 13:31 | Create | Villager (Male) |
| 13:45 | Build | Farm |
| 13:47 | Build | Farm |
| 13:48 | Build | Farm |
| 13:49 | Build | Farm |
| 13:51 | Build | Farm |
| 13:52 | Build | Farm |
| 13:57 | Build | Farm |
| 13:58 | Build | Farm |
| 14:00 | Build | Farm |
| 14:04 | Build | Farm |
| 14:07 | Build | Farm |
| 14:24 | Build | House |
| 14:37 | Build | House |
| 14:57 | Create | Villager (Male) |
| 14:57 | Create | Villager (Male) |
| 14:57 | Create | Villager (Male) |
| 14:57 | Create | Villager (Male) |
| 14:58 | Create | Villager (Male) |
| 14:58 | Create | Villager (Male) |
| 16:23 | Create | Villager (Male) |
| 16:24 | Create | Villager (Male) |
| 16:24 | Create | Villager (Male) |
| 16:24 | Create | Villager (Male) |
| 16:24 | Create | Villager (Male) |
| 16:25 | Create | Villager (Male) |
| 16:30 | Build | Farm |
| 16:37 | Build | Farm |
| 17:19 | Create | Villager (Male) |
| 17:19 | Create | Villager (Male) |
| 17:20 | Create | Villager (Male) |
| 17:20 | Create | Villager (Male) |
| 17:30 | Research | Horse Collar |
| 17:35 | Create | Villager (Male) |
| 17:35 | Create | Villager (Male) |
| 18:32 | Build | Market |
| 18:54 | Research | Double-Bit Axe |
| 19:07 | Create | Villager (Male) |
| 19:07 | Create | Villager (Male) |
| 19:07 | Create | Villager (Male) |
| 19:08 | Create | Villager (Male) |
| 19:19 | Build | Mining Camp |
| 20:18 | Build | Blacksmith |
| 20:34 | Build | House |
| 20:36 | Build | House |
| 20:37 | Build | House |
| 20:39 | Build | House |
| 20:53 | Build | Mining Camp |
| 21:31 | Create | Trade Cart |
| 21:32 | Create | Trade Cart |
| 21:33 | Create | Trade Cart |
| 22:00 | Create | Trade Cart |
| 22:00 | Create | Trade Cart |
| 23:43 | Research | Castle Age |
| 24:22 | Research | Gold Mining |
| 24:28 | Research | Stone Mining |
| 26:22 | Build | Lumber Camp |
| 26:52 | Build | Farm |
| 26:53 | Build | Farm |
| 27:21 | Research | Hand Cart |
| 28:40 | Build | Siege Workshop |
| 29:16 | Create | Scorpion |
| 29:16 | Create | Scorpion |
| 29:17 | Create | Scorpion |
| 29:17 | Create | Scorpion |
| 29:17 | Create | Scorpion |
| 29:17 | Create | Scorpion |
| 29:18 | Create | Scorpion |
| 29:18 | Create | Scorpion |
| 29:18 | Create | Scorpion |
| 29:19 | Create | Scorpion |
| 29:19 | Create | Scorpion |
| 29:19 | Create | Scorpion |
| 30:46 | Create | Villager (Male) |
| 30:47 | Create | Villager (Male) |
| 30:47 | Create | Villager (Male) |
| 30:47 | Create | Villager (Male) |
| 30:47 | Create | Villager (Male) |
| 30:48 | Create | Villager (Male) |
| 30:48 | Create | Villager (Male) |
| 30:48 | Create | Villager (Male) |
| 30:49 | Create | Villager (Male) |
| 30:49 | Create | Villager (Male) |
| 30:49 | Create | Villager (Male) |
| 30:49 | Create | Villager (Male) |
| 30:50 | Create | Villager (Male) |
| 30:50 | Create | Villager (Male) |
| 30:50 | Create | Villager (Male) |
| 32:53 | Create | Scorpion |
| 32:54 | Create | Scorpion |
| 33:54 | Build | Town Center |
| 33:59 | Build | House |
| 34:01 | Build | House |
| 34:03 | Build | House |
| 34:05 | Build | House |
| 34:16 | Build | Monastery |
| 34:20 | Build | House |
| 36:37 | Build | Town Center |
Build order — Sunken7958
113 actions detected in the replay
| 0:09 | Build | House |
| 0:12 | Build | House |
| 0:16 | Create | Villager (Male) |
| 0:16 | Create | Villager (Male) |
| 0:17 | Create | Villager (Male) |
| 0:17 | Create | Villager (Male) |
| 0:17 | Create | Villager (Male) |
| 1:55 | Create | Villager (Male) |
| 1:55 | Create | Villager (Male) |
| 1:56 | Create | Villager (Male) |
| 2:52 | Create | Villager (Male) |
| 2:52 | Create | Villager (Male) |
| 2:52 | Create | Villager (Male) |
| 3:42 | Create | Villager (Male) |
| 3:42 | Create | Villager (Male) |
| 3:42 | Create | Villager (Male) |
| 3:43 | Create | Villager (Male) |
| 3:43 | Create | Villager (Male) |
| 3:43 | Create | Villager (Male) |
| 5:21 | Build | House |
| 5:41 | Build | Lumber Camp |
| 5:51 | Create | Villager (Male) |
| 5:51 | Create | Villager (Male) |
| 5:52 | Create | Villager (Male) |
| 5:52 | Create | Villager (Male) |
| 5:52 | Create | Villager (Male) |
| 7:41 | Build | Mill |
| 8:24 | Build | Mining Camp |
| 8:34 | Research | Feudal Age |
| 9:27 | Build | House |
| 9:57 | Build | House |
| 9:58 | Build | House |
| 9:59 | Build | House |
| 10:01 | Build | House |
| 10:02 | Build | House |
| 10:55 | Research | Double-Bit Axe |
| 11:53 | Create | Villager (Male) |
| 11:53 | Create | Villager (Male) |
| 11:53 | Create | Villager (Male) |
| 11:54 | Create | Villager (Male) |
| 11:54 | Create | Villager (Male) |
| 11:54 | Create | Villager (Male) |
| 12:07 | Build | Mill |
| 14:45 | Create | Villager (Male) |
| 14:45 | Create | Villager (Male) |
| 14:45 | Create | Villager (Male) |
| 14:46 | Create | Villager (Male) |
| 14:46 | Create | Villager (Male) |
| 14:46 | Create | Villager (Male) |
| 15:10 | Build | Mining Camp |
| 15:20 | Build | Mining Camp |
| 18:23 | Build | Farm |
| 18:24 | Build | Farm |
| 18:25 | Build | Farm |
| 18:27 | Build | Farm |
| 18:30 | Build | Farm |
| 18:32 | Build | Farm |
| 18:33 | Build | Farm |
| 18:35 | Build | Farm |
| 18:42 | Build | Farm |
| 18:46 | Build | Farm |
| 18:48 | Build | Farm |
| 18:51 | Build | Farm |
| 18:54 | Build | Farm |
| 18:56 | Build | Farm |
| 18:59 | Build | Farm |
| 19:01 | Build | Farm |
| 19:04 | Build | Farm |
| 19:24 | Create | Villager (Male) |
| 19:25 | Create | Villager (Male) |
| 19:26 | Create | Villager (Male) |
| 19:27 | Create | Villager (Male) |
| 19:28 | Create | Villager (Male) |
| 19:29 | Create | Villager (Male) |
| 19:30 | Create | Villager (Male) |
| 19:31 | Create | Villager (Male) |
| 20:48 | Build | Barracks |
| 20:57 | Build | Blacksmith |
| 21:55 | Build | Stable |
| 22:10 | Build | Market |
| 23:00 | Create | Villager (Male) |
| 23:00 | Create | Villager (Male) |
| 23:01 | Create | Villager (Male) |
| 23:04 | Create | Villager (Male) |
| 23:04 | Create | Villager (Male) |
| 23:05 | Create | Villager (Male) |
| 23:06 | Create | Villager (Male) |
| 23:06 | Create | Villager (Male) |
| 23:07 | Create | Villager (Male) |
| 23:07 | Create | Villager (Male) |
| 23:10 | Create | Scout Cavalry |
| 23:11 | Create | Scout Cavalry |
| 23:11 | Create | Scout Cavalry |
| 23:11 | Create | Scout Cavalry |
| 23:12 | Create | Scout Cavalry |
| 23:12 | Create | Scout Cavalry |
| 23:12 | Create | Scout Cavalry |
| 23:18 | Build | Archery Range |
| 24:13 | Build | Stable |
| 25:49 | Build | House |
| 25:50 | Build | House |
| 25:51 | Build | House |
| 25:52 | Build | House |
| 25:54 | Build | House |
| 25:55 | Build | House |
| 26:16 | Research | Castle Age |
| 26:20 | Build | Farm |
| 27:48 | Create | Scout Cavalry |
| 27:49 | Create | Scout Cavalry |
| 27:49 | Create | Scout Cavalry |
| 27:49 | Create | Scout Cavalry |
| 27:50 | Create | Scout Cavalry |
| 27:50 | Create | Scout Cavalry |
Build order — Kevin-海文
First 150 of 327 actions detected
| 0:01 | Create | Villager (Male) ×5 |
| 0:02 | Build | House |
| 0:04 | Build | House |
| 1:22 | Create | Villager (Male) |
| 1:52 | Build | Lumber Camp |
| 2:17 | Create | Villager (Male) |
| 2:17 | Create | Villager (Male) |
| 3:10 | Create | Villager (Male) |
| 3:22 | Build | House |
| 3:24 | Build | House |
| 3:24 | Build | House |
| 3:30 | Create | Villager (Male) |
| 3:30 | Create | Villager (Male) |
| 4:01 | Create | Villager (Male) |
| 4:27 | Create | Villager (Male) |
| 4:32 | Create | Villager (Male) |
| 4:59 | Build | Mill |
| 5:14 | Create | Villager (Male) |
| 5:16 | Create | Villager (Male) |
| 5:47 | Create | Villager (Male) |
| 6:40 | Create | Villager (Male) |
| 6:49 | Build | Farm |
| 7:01 | Create | Villager (Male) |
| 7:12 | Build | Farm |
| 7:27 | Build | Mining Camp |
| 7:28 | Create | Villager (Male) |
| 7:59 | Research | Feudal Age |
| 8:52 | Build | Barracks |
| 9:14 | Create | Villager (Male) |
| 9:56 | Research | Loom |
| 9:58 | Create | Villager (Male) |
| 10:03 | Age | Feudal Age |
| 10:10 | Build | Stone Wall |
| 10:30 | Build | Blacksmith |
| 10:45 | Create | Villager (Male) |
| 10:51 | Build | Archery Range |
| 10:56 | Build | Stone Wall |
| 11:15 | Create | Villager (Male) |
| 11:16 | Create | Villager (Male) |
| 11:36 | Build | House |
| 12:02 | Research | Castle Age |
| 12:02 | Research | Castle Age |
| 12:09 | Build | Stone Wall |
| 12:35 | Research | Double-Bit Axe |
| 12:46 | Create | Archer |
| 13:16 | Build | Stone Wall |
| 13:38 | Create | Archer |
| 13:45 | Create | Archer |
| 14:02 | Create | Villager (Male) |
| 14:03 | Create | Villager (Male) |
| 14:17 | Build | Mining Camp |
| 14:22 | Create | Archer |
| 14:27 | Age | Castle Age |
| 14:33 | Build | Siege Workshop |
| 14:37 | Create | Villager (Male) |
| 14:47 | Build | Farm |
| 14:49 | Build | Farm |
| 14:52 | Build | Farm |
| 14:57 | Create | Archer |
| 15:17 | Create | Battering Ram |
| 15:39 | Build | Farm |
| 15:47 | Create | Villager (Male) |
| 16:05 | Create | Villager (Male) |
| 16:14 | Build | Farm |
| 16:19 | Build | House |
| 16:34 | Build | Farm |
| 16:41 | Create | Villager (Male) |
| 17:07 | Create | Villager (Male) |
| 17:10 | Build | Farm |
| 17:15 | Create | Unit 1105 |
| 17:26 | Create | Villager (Male) |
| 17:52 | Create | Archer |
| 18:00 | Build | Farm |
| 18:13 | Research | Crossbowman (upgrade) |
| 18:18 | Create | Archer |
| 19:07 | Create | Villager (Male) |
| 19:08 | Create | Archer |
| 19:09 | Create | Archer |
| 19:13 | Build | House |
| 19:14 | Build | House |
| 19:22 | Research | Fletching |
| 19:34 | Create | Villager (Male) |
| 19:36 | Create | Mangonel |
| 19:51 | Research | Padded Archer Armor |
| 19:54 | Create | Villager (Male) |
| 20:12 | Create | Archer |
| 20:15 | Build | Farm |
| 20:58 | Create | Archer |
| 20:59 | Research | Bodkin Arrow |
| 21:17 | Create | Archer |
| 21:32 | Create | Archer |
| 21:54 | Create | Mangonel |
| 22:16 | Create | Villager (Male) |
| 22:36 | Build | Stone Wall |
| 22:42 | Create | Villager (Male) |
| 22:50 | Create | Spearman |
| 23:17 | Create | Villager (Male) |
| 23:18 | Create | Villager (Male) |
| 23:33 | Build | Town Center |
| 23:54 | Create | Villager (Male) |
| 24:02 | Build | House |
| 24:03 | Build | House |
| 24:07 | Create | Villager (Male) |
| 24:07 | Create | Villager (Male) |
| 24:13 | Create | Villager (Male) |
| 24:21 | Build | Town Center |
| 24:23 | Research | Bow Saw |
| 24:57 | Build | Farm |
| 24:58 | Build | Farm |
| 24:59 | Create | Villager (Male) |
| 25:01 | Build | Farm |
| 25:02 | Build | Farm |
| 25:10 | Create | Villager (Male) |
| 25:11 | Create | Villager (Male) |
| 25:12 | Build | House |
| 25:13 | Build | House |
| 25:21 | Create | Villager (Male) |
| 25:22 | Create | Villager (Male) |
| 26:01 | Create | Villager (Male) |
| 26:01 | Create | Villager (Male) |
| 26:04 | Build | Farm |
| 26:05 | Build | Farm |
| 26:06 | Build | Farm |
| 26:07 | Create | Villager (Male) |
| 26:09 | Build | Farm |
| 26:21 | Build | House |
| 26:23 | Build | House |
| 26:24 | Create | Villager (Male) |
| 26:29 | Build | Farm |
| 26:32 | Build | Farm |
| 26:33 | Build | Farm |
| 26:34 | Build | Farm |
| 26:35 | Build | Farm |
| 26:45 | Build | Castle |
| 26:47 | Build | Farm |
| 26:50 | Create | Villager (Male) |
| 27:10 | Build | Monastery |
| 27:17 | Build | Monastery |
| 27:21 | Build | House |
| 27:23 | Create | Villager (Male) ×3 |
| 27:32 | Create | Villager (Male) |
| 27:32 | Create | Villager (Male) |
| 27:40 | Create | Monk |
| 27:48 | Build | Castle |
| 27:51 | Create | Villager (Male) |
| 27:51 | Create | Villager (Male) |
| 27:52 | Create | Villager (Male) |
| 27:55 | Build | House |
| 28:02 | Create | Villager (Male) |
| 28:05 | Build | Market |
Build order — Nonso
First 150 of 226 actions detected
| 0:03 | Research | Loom |
| 0:03 | Create | Villager (Male) ×4 |
| 0:04 | Create | Villager (Male) ×4 |
| 0:11 | Build | House |
| 0:14 | Build | House |
| 0:53 | Build | House |
| 0:56 | Build | House |
| 1:50 | Build | Lumber Camp |
| 2:18 | Create | Villager (Male) |
| 2:37 | Create | Villager (Male) |
| 2:51 | Create | Villager (Male) |
| 3:26 | Create | Villager (Male) |
| 3:47 | Create | Villager (Male) |
| 4:43 | Create | Villager (Male) ×3 |
| 5:18 | Create | Villager (Male) |
| 5:19 | Create | Villager (Male) |
| 5:26 | Create | Villager (Male) |
| 5:26 | Create | Villager (Male) |
| 6:26 | Build | Mill |
| 6:54 | Build | Mill |
| 7:08 | Create | Villager (Male) ×5 |
| 8:37 | Create | Villager (Male) |
| 9:01 | Build | Mining Camp |
| 9:27 | Research | Feudal Age |
| 10:02 | Build | House |
| 10:07 | Build | House |
| 10:54 | Build | Farm |
| 11:05 | Build | Farm |
| 11:07 | Build | Farm |
| 11:15 | Build | Farm |
| 11:53 | Age | Feudal Age |
| 12:08 | Build | Market |
| 12:23 | Build | Blacksmith |
| 12:29 | Create | Villager (Male) |
| 12:34 | Create | Villager (Male) |
| 12:42 | Build | House |
| 13:14 | Build | Farm |
| 13:18 | Build | Farm |
| 13:22 | Research | Castle Age |
| 13:42 | Research | Double-Bit Axe |
| 14:29 | Research | Horse Collar |
| 15:17 | Research | Gold Mining |
| 15:18 | Research | Stone Mining |
| 15:48 | Build | Farm |
| 15:50 | Build | Farm |
| 16:02 | Age | Castle Age |
| 16:33 | Build | Town Center |
| 16:37 | Create | Villager (Male) ×4 |
| 16:59 | Build | Farm |
| 17:04 | Build | Farm |
| 17:16 | Build | Farm |
| 17:19 | Build | Farm |
| 18:13 | Create | Villager (Male) ×5 |
| 18:13 | Create | Villager (Male) ×5 |
| 18:29 | Build | Town Center |
| 19:09 | Create | Villager (Male) ×4 |
| 19:20 | Build | Farm |
| 19:25 | Build | Farm |
| 19:29 | Build | Farm |
| 19:37 | Build | Farm |
| 19:42 | Create | Villager (Male) ×2 |
| 20:19 | Build | House |
| 20:24 | Build | House |
| 20:26 | Build | House |
| 20:35 | Research | Wheelbarrow |
| 20:37 | Research | Town Watch |
| 21:00 | Create | Villager (Male) ×2 |
| 21:01 | Create | Villager (Male) ×2 |
| 21:14 | Create | Villager (Male) ×2 |
| 21:40 | Create | Villager (Male) ×3 |
| 21:58 | Build | House |
| 22:00 | Build | House |
| 22:01 | Build | House |
| 22:04 | Build | House |
| 22:11 | Create | Villager (Male) ×3 |
| 22:33 | Create | Villager (Male) |
| 22:42 | Build | Lumber Camp |
| 22:54 | Build | Lumber Camp |
| 23:05 | Create | Villager (Male) ×4 |
| 23:05 | Create | Villager (Male) ×4 |
| 23:15 | Build | Farm |
| 23:35 | Build | Farm |
| 23:38 | Build | Farm |
| 23:43 | Create | Villager (Male) ×4 |
| 23:44 | Create | Villager (Male) ×4 |
| 23:50 | Build | House |
| 23:52 | Build | House |
| 23:53 | Build | House |
| 24:07 | Build | Town Center |
| 24:22 | Build | Farm |
| 24:26 | Build | Farm |
| 24:38 | Create | Villager (Male) ×5 |
| 24:39 | Create | Villager (Male) ×5 |
| 24:39 | Create | Villager (Male) ×3 |
| 25:02 | Build | Farm |
| 25:05 | Build | Farm |
| 25:12 | Create | Villager (Male) ×4 |
| 25:12 | Create | Villager (Male) ×4 |
| 25:16 | Build | Farm |
| 25:20 | Build | Farm |
| 25:29 | Research | Bow Saw |
| 25:35 | Build | Farm |
| 25:39 | Build | Farm |
| 25:45 | Create | Villager (Male) ×2 |
| 25:51 | Build | House |
| 25:53 | Build | House |
| 25:55 | Build | House |
| 25:56 | Build | House |
| 25:58 | Build | House |
| 26:00 | Build | House |
| 26:06 | Build | Farm |
| 26:10 | Build | Farm |
| 26:21 | Create | Villager (Male) ×5 |
| 26:27 | Create | Villager (Male) |
| 26:27 | Create | Villager (Male) |
| 26:32 | Build | Farm |
| 26:42 | Build | Monastery |
| 26:47 | Build | University |
| 26:58 | Build | Farm |
| 27:02 | Build | Farm |
| 27:08 | Create | Villager (Male) ×5 |
| 27:08 | Create | Villager (Male) ×5 |
| 27:40 | Build | Farm |
| 27:48 | Build | Farm |
| 27:55 | Create | Monk |
| 28:04 | Build | Farm |
| 28:08 | Build | Farm |
| 28:16 | Create | Villager (Male) ×5 |
| 28:29 | Create | Villager (Male) ×5 |
| 28:39 | Build | Farm |
| 28:52 | Build | Farm |
| 29:13 | Build | Farm |
| 29:18 | Build | Farm |
| 29:23 | Build | Farm |
| 29:25 | Build | Farm |
| 29:30 | Build | Farm |
| 29:34 | Build | Farm |
| 29:39 | Research | Imperial Age |
| 29:41 | Create | Villager (Male) ×4 |
| 29:53 | Build | Farm |
| 29:58 | Build | Farm |
| 30:04 | Research | Heavy Plow |
| 30:20 | Build | Farm |
| 30:27 | Research | Gold Shaft Mining |
| 30:27 | Research | Stone Shaft Mining |
| 30:35 | Create | Villager (Male) ×5 |
| 30:35 | Create | Villager (Male) ×5 |
| 31:06 | Build | Lumber Camp |
| 31:47 | Build | Castle |
| 31:52 | Build | Barracks |
Build order — Don_Perez
First 150 of 373 actions detected
| 0:01 | Research | Loom |
| 0:02 | Create | Villager (Male) |
| 0:02 | Create | Villager (Male) |
| 0:02 | Create | Villager (Male) |
| 0:03 | Create | Villager (Male) |
| 0:03 | Create | Villager (Male) |
| 0:03 | Create | Villager (Male) |
| 1:22 | Create | Villager (Male) |
| 1:22 | Create | Villager (Male) |
| 1:23 | Create | Villager (Male) |
| 2:03 | Create | Villager (Male) |
| 2:03 | Create | Villager (Male) |
| 2:03 | Create | Villager (Male) |
| 2:03 | Create | Villager (Male) |
| 2:35 | Create | Villager (Male) |
| 2:35 | Create | Villager (Male) |
| 2:35 | Create | Villager (Male) |
| 3:03 | Build | Lumber Camp |
| 3:13 | Create | Villager (Male) |
| 3:14 | Create | Villager (Male) |
| 3:14 | Create | Villager (Male) |
| 3:14 | Create | Villager (Male) |
| 3:40 | Create | Villager (Male) |
| 3:40 | Create | Villager (Male) |
| 3:48 | Create | Villager (Male) |
| 3:48 | Create | Villager (Male) |
| 3:48 | Create | Villager (Male) |
| 3:49 | Create | Villager (Male) |
| 4:21 | Create | Villager (Male) |
| 4:21 | Create | Villager (Male) |
| 4:21 | Create | Villager (Male) |
| 4:22 | Create | Villager (Male) |
| 5:16 | Create | Villager (Male) |
| 5:17 | Create | Villager (Male) |
| 5:17 | Create | Villager (Male) |
| 5:17 | Create | Villager (Male) |
| 5:34 | Build | Mill |
| 6:04 | Create | Villager (Male) |
| 6:05 | Create | Villager (Male) |
| 6:43 | Create | Villager (Male) |
| 6:43 | Create | Villager (Male) |
| 6:56 | Build | Mining Camp |
| 7:41 | Create | Villager (Male) |
| 7:43 | Create | Villager (Male) |
| 7:44 | Create | Villager (Male) |
| 8:48 | Build | Farm |
| 8:56 | Build | Farm |
| 9:03 | Research | Feudal Age |
| 9:31 | Build | Farm |
| 9:43 | Build | Farm |
| 10:55 | Build | Farm |
| 11:02 | Build | Farm |
| 11:22 | Age | Feudal Age |
| 11:31 | Build | Market |
| 11:32 | Create | Villager (Male) |
| 11:32 | Create | Villager (Male) |
| 11:38 | Build | Blacksmith |
| 12:30 | Research | Castle Age |
| 14:03 | Research | Double-Bit Axe |
| 14:04 | Research | Horse Collar |
| 14:06 | Research | Wheelbarrow |
| 15:10 | Age | Castle Age |
| 15:32 | Build | Town Center |
| 15:41 | Build | Town Center |
| 16:10 | Research | Heavy Plow |
| 16:19 | Create | Villager (Male) |
| 16:19 | Create | Villager (Male) |
| 17:06 | Research | Hand Cart |
| 17:09 | Create | Villager (Male) |
| 17:09 | Create | Villager (Male) |
| 17:09 | Create | Villager (Male) |
| 17:10 | Create | Villager (Male) |
| 17:10 | Create | Villager (Male) |
| 17:19 | Create | Villager (Male) |
| 17:20 | Create | Villager (Male) |
| 17:20 | Create | Villager (Male) |
| 17:36 | Create | Villager (Male) |
| 17:36 | Create | Villager (Male) |
| 17:36 | Create | Villager (Male) |
| 17:36 | Create | Villager (Male) |
| 17:37 | Create | Villager (Male) |
| 17:54 | Build | Farm |
| 17:57 | Build | Farm |
| 18:00 | Build | Farm |
| 18:02 | Create | Villager (Male) |
| 18:02 | Create | Villager (Male) |
| 18:02 | Create | Villager (Male) |
| 18:02 | Create | Villager (Male) |
| 18:06 | Build | Farm |
| 18:12 | Create | Villager (Male) |
| 18:12 | Create | Villager (Male) |
| 18:12 | Create | Villager (Male) |
| 18:12 | Create | Villager (Male) |
| 18:21 | Build | Farm |
| 18:32 | Build | Farm |
| 18:38 | Build | Farm |
| 18:43 | Create | Villager (Male) |
| 18:44 | Create | Villager (Male) |
| 18:44 | Create | Villager (Male) |
| 18:44 | Create | Villager (Male) |
| 18:59 | Create | Villager (Male) |
| 19:04 | Build | Farm |
| 19:05 | Build | Farm |
| 19:07 | Build | Farm |
| 19:14 | Create | Villager (Male) |
| 19:15 | Create | Villager (Male) |
| 19:15 | Create | Villager (Male) |
| 19:31 | Create | Villager (Male) |
| 19:31 | Create | Villager (Male) |
| 19:31 | Create | Villager (Male) |
| 19:40 | Create | Villager (Male) ×3 |
| 19:40 | Create | Villager (Male) |
| 19:41 | Create | Villager (Male) ×3 |
| 19:41 | Create | Villager (Male) ×3 |
| 19:48 | Build | Farm |
| 19:50 | Create | Villager (Male) |
| 19:50 | Create | Villager (Male) |
| 19:51 | Create | Villager (Male) |
| 19:51 | Create | Villager (Male) |
| 20:15 | Build | Town Center |
| 20:21 | Create | Villager (Male) ×2 |
| 20:21 | Create | Villager (Male) ×2 |
| 20:21 | Create | Villager (Male) ×2 |
| 20:21 | Create | Villager (Male) ×2 |
| 20:25 | Create | Villager (Male) |
| 20:25 | Create | Villager (Male) |
| 20:26 | Create | Villager (Male) |
| 20:26 | Create | Villager (Male) |
| 20:27 | Create | Villager (Male) |
| 20:27 | Create | Villager (Male) |
| 20:37 | Create | Villager (Male) |
| 20:37 | Create | Villager (Male) |
| 20:37 | Create | Villager (Male) |
| 20:38 | Create | Villager (Male) |
| 20:43 | Build | Farm |
| 20:48 | Build | Farm |
| 20:49 | Build | Farm |
| 20:50 | Build | Mill |
| 20:55 | Create | Villager (Male) |
| 20:55 | Create | Villager (Male) |
| 20:55 | Create | Villager (Male) |
| 20:55 | Create | Villager (Male) |
| 20:57 | Create | Villager (Male) |
| 20:57 | Create | Villager (Male) |
| 20:57 | Create | Villager (Male) |
| 20:57 | Create | Villager (Male) |
| 21:01 | Build | Farm |
| 21:06 | Create | Villager (Male) |
| 21:06 | Create | Villager (Male) |
| 21:06 | Create | Villager (Male) |
Match timeline
| 8:52 | Kevin-海文 · first_building Barracks |
| 9:06 | 杀猪死四农 · age_up feudal |
| 10:03 | Kevin-海文 · age_up feudal |
| 10:10 | Kevin-海文 · wall_segment Stone Wall x1 |
| 10:51 | Kevin-海文 · first_building Archery Range |
| 10:56 | Kevin-海文 · wall_segment Stone Wall x1 |
| 11:00 | 渣渣灰渣师傅tz · age_up feudal |
| 11:22 | Don_Perez · age_up feudal |
| 11:41 | Maeglin · age_up feudal |
| 11:53 | Nonso · age_up feudal |
| 12:09 | Kevin-海文 · wall_segment Stone Wall x6 |
| 12:18 | Don_Perez · first_market_sell 100 wood |
| 12:21 | Don_Perez · first_market_buy 100 food |
| 13:16 | Kevin-海文 · wall_segment Stone Wall x1 |
| 14:27 | Kevin-海文 · age_up castle |
| 14:33 | Kevin-海文 · first_building Siege Workshop |
| 15:10 | Don_Perez · age_up castle |
| 16:01 | Maeglin · age_up castle |
| 16:02 | Nonso · age_up castle |
| 17:09 | 杀猪死四农 · first_building Barracks |
| 17:44 | 杀猪死四农 · first_building Archery Range |
| 19:28 | 杀猪死四农 · age_up castle |
| 20:48 | Sunken7958 · first_building Barracks |
| 20:49 | 杀猪死四农 · first_building Castle |
| 21:55 | Sunken7958 · first_building Stable |
| 22:00 | Maeglin · first_building Castle |
| 22:36 | Kevin-海文 · wall_segment Stone Wall x1 |
| 22:44 | Don_Perez · first_building Monastery |
| 23:18 | Sunken7958 · first_building Archery Range |
| 24:03 | Don_Perez · first_building Barracks |
| 24:15 | 渣渣灰渣师傅tz · age_up castle |
| 26:08 | Maeglin · first_building Barracks |
| 26:40 | 渣渣灰渣师傅tz · first_market_sell 100 food |
| 26:40 | Don_Perez · first_building Stable |
| 26:42 | Nonso · first_building Monastery |
| 26:43 | 渣渣灰渣师傅tz · first_market_buy 100 wood |
| 26:45 | Maeglin · first_building Stable |
| 26:45 | Kevin-海文 · first_building Castle |
| 27:10 | Kevin-海文 · first_building Monastery |
| 28:00 | Don_Perez · first_building Archery Range |
| 28:06 | 渣渣灰渣师傅tz · first_building Siege Workshop |
| 28:15 | 杀猪死四农 · wall_segment Stone Wall x1 |
| 28:40 | Bludvarg666 · first_building Siege Workshop |
| 28:54 | Kevin-海文 · first_market_buy 100 food |
| 29:09 | Don_Perez · age_up imperial |
| 29:15 | Sunken7958 · resign |
| 29:42 | Don_Perez · first_building Siege Workshop |
| 29:42 | Maeglin · first_market_sell 100 wood |
| 29:46 | 渣渣灰渣师傅tz · first_building Castle |
| 29:55 | Maeglin · first_building Siege Workshop |
| 31:28 | Don_Perez · first_building Castle |
| 31:47 | Nonso · first_building Castle |
| 31:52 | Nonso · first_building Barracks |
| 32:49 | Nonso · age_up imperial |
| 32:51 | Nonso · first_building Siege Workshop |
| 33:19 | Maeglin · age_up imperial |
| 34:16 | Bludvarg666 · first_building Monastery |
| 34:34 | 渣渣灰渣师傅tz · wall_segment Stone Wall x1 |
| 34:35 | Nonso · first_building Stable |
| 35:08 | Nonso · first_building Archery Range |
| 35:44 | 杀猪死四农 · age_up imperial |
| 35:58 | 杀猪死四农 · first_market_sell 100 food |
| 36:13 | Kevin-海文 · first_building Stable |
| 36:26 | Kevin-海文 · age_up imperial |
| 40:30 | 杀猪死四农 · wall_segment Palisade Wall x1 |
| 40:39 | 杀猪死四农 · wall_segment Stone Wall x2 |
| 41:16 | 杀猪死四农 · wall_segment Stone Wall x2 |
| 41:44 | 杀猪死四农 · wall_segment Stone Wall x1 |
[ AI ANALYSIS · 1 CREDIT ]
What really happened in this match?
Wolo.gg analyzes every decision: build order, eco, micro, common mistakes by bracket. Personalized analysis on WhatsApp or Discord in 30 seconds.
Civ guide
Jurchens
Perfil
Jugador #2124707